 Dungeon Crawl Stone Soup version 0.28.0-1-gb440e238dd (webtiles) character file.

Game seed: 3698375845986518481

2457 leafyfresh the Transmogrifier (level 9, -5/79 HPs)
             Began as a Merfolk Transmuter on Feb 19, 2022.
             Was an Initiate of Elyvilon.
             Killed from afar by an orc wizard (9 damage)
             ... with a puff of flame
             ... on level 6 of the Dungeon on Feb 25, 2022.
             The game lasted 00:28:18 (10398 turns).

leafyfresh the Transmogrifier (Merfolk Transmuter) Turns: 10398, Time: 00:28:19

Health: -5/79      AC:  6    Str: 10    XL:     9   Next: 50%
Magic:  11/12      EV: 32    Int: 13    God:    Elyvilon [......]
Gold:   329        SH:  0    Dex: 18    Spells: 4/12 levels left

rFire   x . .      SeeInvis .     - Unarmed
rCold   + + +      Faith    .   (shield currently unavailable)
rNeg    . . .      Spirit   .   (armour currently unavailable)
rPois   +          Reflect  .   (helmet currently unavailable)
rElec   .          Harm     .   (cloak currently unavailable)
rCorr   .          Rampage  .   (gloves currently unavailable)
Will    .....                   (boots currently unavailable)
Stlth   +.........              b - amulet of the acrobat
HPRegen 0.23/turn               h - +4 ring of evasion
MPRegen 0.13/turn               (no ring)

@: confused, ice-form, acrobatic
A: freezing attack, boosted hp, large, (nimble swimmer 2), (mertail), (sturdy
frame 1)
a: End Transformation, Renounce Religion


You were on level 6 of the Dungeon.
You worshipped Elyvilon.
Elyvilon was noncommittal.
You were a creature of crystalline ice.
You visited 2 branches of the dungeon, and saw 8 of its levels.

You collected 329 gold pieces.

Inventory:

Hand Weapons
 q - the +7 trident of the Ecumenical Temple {holy, Dex+4}
   (You found it on level 5 of the Dungeon)

   It has been blessed by the Shining One to cause great damage to the undead
   and demons.
   Dex:       It affects your dexterity (+4).
Missiles
 i - 53 sling bullets
 s - 4 poisoned darts
Armour
 a - a +0 robe (melded)
Magical Staves
 f - a staff of death
Jewellery
 b - an amulet of the acrobat (around neck)
 h - a +4 ring of evasion (left front paw)
 k - an amulet of regeneration
 t - a ring of protection from fire
Wands
 j - a wand of flame (15)
Scrolls
 g - 2 scrolls of teleportation
 n - a scroll of torment
 p - 2 scrolls of fog
 r - a scroll of noise {unknown}
 u - a scroll of identify
 v - a scroll of blinking {unknown}
 w - a scroll of amnesia {unknown}
Potions
 c - 2 potions of might {unknown}
 d - 4 potions of attraction
 l - a potion of magic
 m - a potion of brilliance
 o - a potion of mutation


   Skills:
 + Level 4.5 Fighting
 + Level 5.9 Dodging
 + Level 8.5 Unarmed Combat
 - Level 2.0 Spellcasting
 - Level 11.3 Transmutations


You had 4 spell levels left.
You knew the following spells:

 Your Spells              Type           Power      Damage    Failure   Level
a - Beastly Appendage     Tmut           60%        N/A       1%          1
b - Spider Form           Tmut/Pois      16%        N/A       8%          3
c - Ice Form              Ice/Tmut       16%        N/A       24%         4

Your spell library contained the following spells:

 Spells                   Type           Power      Damage    Failure   Level
 Wereblood                Tmut           30%        N/A       1%          2
 Animate Skeleton         Necr           2%         N/A       26%         1
 Pain                     Necr           4%         1d4       26%         1
 Corpse Rot               Necr/Air       2%         N/A       36%         2
 Sublimation of Blood     Necr           1%         N/A       36%         2
 Gell's Gravitas          Tloc           1%         N/A       58%         3
 Lesser Beckoning         Tloc           1%         N/A       58%         3
 Teleport Other           Tloc           1%         N/A       58%         3
 Vampiric Draining        Necr           1%         2d6       58%         3
 Dispel Undead            Necr           1%         3d6       94%         4
 Death Channel            Necr           0%         N/A       100%        6
 Summon Hydra             Summ           0%         N/A       100%        7


Dungeon Overview and Level Annotations

Branches:
Dungeon (7/15)             Temple (1/1) D:6

Altars:
Dithmenos
Elyvilon
Gozag
Hepliaklqana
Kikubaaqudgha
Nemelex Xobeh
Okawaru
Ru
Vehumet
Wu Jian
Zin
The Shining One

Shops:
D:2 *   D:4 (

Annotations:
D:3 1 transporter, kd29's ghost, amateur DsTm


Innate Abilities, Weirdness & Mutations

You are a creature of crystalline ice.
You have a powerful freezing melee attack.
Your maximum health is increased.
Your armour is entirely melded.
You are incapable of wielding weapons or throwing items.
((You are very nimble when in or above water. (Stealth+, EV+, Speed+++)))
((Your lower body shifts to a powerful aquatic tail in water.))
((Your movements are slightly less encumbered by armour. (ER -2)))


Message History

The two-headed ogre hits you with a +0 great mace of holy wrath!
Elyvilon protects you from harm!
Unknown command.
As you read the scroll of summoning, it crumbles to dust.
Wisps of shadow whirl around you... Something hits you but does no damage.
The two-headed ogre closely misses you.
The two-headed ogre hits you with a +0 great mace of holy wrath!
Elyvilon protects you from harm!
Unknown command.
Unknown command.
Something hits you.
* * * LOW HITPOINT WARNING * * *
Your centaur hits the two-headed ogre.
Your centaur kicks the two-headed ogre but does no damage.
The two-headed ogre hits your jelly with a +0 giant club!
The two-headed ogre is burned by acid!
The two-headed ogre hits your jelly with a +0 great mace of holy wrath!
Your jelly dies!
Your jelly dissolves into shadows!
Your centaur hits the two-headed ogre.
Your centaur barely misses the two-headed ogre.
Your centaur hits the two-headed ogre.
The two-headed ogre dies!
Your Fighting skill increases to level 4!
Your Dodging skill increases to level 5!
Something hits you but does no damage.
There is a stone staircase leading up here.
Unknown command.
Your centaur barely misses something. x2
Your centaur hits something but does no damage.
Your centaur misses something.
You hear some strange, mumbled words.
You are confused.
Your centaur barely misses something.
Your centaur kicks something but does no damage.
Your centaur closely misses something.
Your centaur barely misses something.
You hear some strange, mumbled words.
A puff of flame appears from out of thin air!
The puff of flame hits you! The fire burns you terribly!
You die...

##.#....#...'..>..'......
##...........#.⌠.⌠.#..[... #####
#..##........#.....#.))... .##.##
#..###.......###+###......
..#..###..#####..##..##.#........
.....#.....# #.....###....#.....
..........#####...### #..#####..#
#............#...#######..# #..#
................Y#..##...## #...
..............({.........# #...
#.##..........c..#.......# ##.##
.##..............##......####...#
.............##........<...#...(#
###.........##...#####..........#
####.......<......# #.......##.#
.###.............#####.......##..
.................###.........####


You could see a friendly centaur (summoned).

Vanquished Creatures
  Sigmund (D:3)
  Edmund (D:4)
  3 ogres
  A phantom (D:5)
  A kobold brigand (D:4)
  A wyvern zombie (D:6)
  3 scorpions
  A wyvern skeleton (D:5)
  4 wights
  2 bullfrog zombies (D:5)
  2 centaur zombies
  2 hounds
  2 jellies
  An orc priest (D:6)
  2 bullfrog skeletons
  An iguana (D:4)
  6 orc wizards
  2 hound skeletons
  A howler monkey zombie (D:3)
  4 gnolls (D:5)
  6 adders
  A shadow imp (D:6)
  A white imp (D:6)
  2 adder skeletons
  2 worms
  3 dart slugs
  11 orcs
  8 ball pythons
  6 bats
  3 endoplasms
  A giant cockroach (D:1)
  6 goblins
  4 hobgoblins
  5 kobolds
  2 quokkas
  A frilled lizard (D:2)
  6 rats
109 creatures vanquished.

Vanquished Creatures (collateral kills)
  A two-headed ogre (D:6)
  An ice beast (D:4)
2 creatures vanquished.

Grand Total: 111 creatures vanquished

Notes
Turn   | Place    | Note
-------+----------+-------------------------------------------
     0 | D:1      | leafyfresh the Merfolk Transmuter began the quest for the
                  | Orb.
     0 | D:1      | Reached XP level 1. HP: 15/15 MP: 3/3
   150 | D:1      | Reached skill level 3 in Transmutations
   307 | D:1      | Reached XP level 2. HP: 1/21 MP: 1/5
  1064 | D:1      | Reached skill level 4 in Transmutations
  1154 | D:1      | Found a faded altar of an unknown god.
  1457 | D:2      | Found Ifuff's General Store.
  1741 | D:2      | Reached XP level 3. HP: 26/26 MP: 6/6
  2241 | D:3      | Noticed Sigmund
  2489 | D:2      | Learned a level 3 spell: Spider Form
  2798 | D:3      | Reached skill level 5 in Transmutations
  2798 | D:3      | Reached XP level 4. HP: 23/32 MP: 7/7
  3094 | D:3      | Killed Sigmund
  3095 | D:3      | Reached skill level 7 in Transmutations
  3095 | D:3      | Reached XP level 5. HP: 8/37 MP: 2/8
  3458 | D:3      | Reached skill level 8 in Transmutations
  3477 | D:3      | Reached XP level 6. HP: 35/43 MP: 9/9
  3838 | D:3      | Found a transporter.
  3841 | D:3      | Noticed kd29's ghost (amateur DsTm)
  4376 | D:4      | Noticed Edmund
  4562 | D:4      | Killed Edmund
  4563 | D:4      | Reached skill level 9 in Transmutations
  4563 | D:4      | Reached XP level 7. HP: 3/48 MP: 6/10
  4950 | D:3      | Learned a level 4 spell: Ice Form
  5072 | D:4      | Reached skill level 10 in Transmutations
  5877 | D:4      | Reached skill level 11 in Transmutations
  6360 | D:4      | Found Lefasch's Weapon Shop.
  6543 | D:5      | Entered Level 5 of the Dungeon
  6553 | D:5      | Reached XP level 8. HP: 46/54 MP: 3/11
  6774 | D:5      | Reached skill level 5 in Unarmed Combat
  6781 | D:5      | Identified the +7 trident of the Ecumenical Temple {holy,
                  | Dex+4}
  7758 | D:4      | Gained mutation: Your movements are slightly less
                  | encumbered by armour. (ER -2) [potion of mutation]
  7758 | D:4      | Gained mutation: You have supernaturally acute eyesight.
                  | (SInv) [potion of mutation]
  7758 | D:4      | Lost mutation: You have supernaturally acute eyesight.
                  | (SInv) [potion of mutation]
  8291 | D:6      | Found a staircase to the Ecumenical Temple.
  8303 | Temple   | Entered the Ecumenical Temple
  8434 | Temple   | Became a worshipper of Elyvilon the Healer
  8985 | D:5      | Reached XP level 9. HP: 59/62 MP: 8/12
  9585 | D:7      | Noticed a two-headed ogre
 10383 | D:6      | HP: 2/76 [two-headed ogre (26)]
 10383 | D:6      | Elyvilon protects you from harm!
 10384 | D:6      | Elyvilon protects you from harm!
 10387 | D:6      | Killed a two-headed ogre
 10388 | D:6      | Reached skill level 5 in Dodging
 10398 | D:6      | Killed from afar by an orc wizard

Illustrated notes

Levels and vault maps discovered:
D:1:      minmay_arrival_loop, layout_rooms,
          hellmonk_ecumenical_altar_leap_of_faith
D:2:      layout_basic, serial_shops, nicolae_shop_trees
D:3:      layout_basic, gammafunk_ghost_smash, minmay_pentangle, uniq_sigmund
D:4:      layout_rooms, serial_shops, nicolae_shop_bloodbath_and_beyond,
          st_stairs_8, uniq_edmund
D:5:      layout_rooms
D:6:      layout_cave_pools, minmay_temple_entry_hall, grunt_decor_arrowhead
D:7:      layout_loops_ring, minmay_misc_feat_x
Temple:   minmay_temple_bridge_abc

Skill      XL: |  1  2  3  4  5  6  7  8  9 |
---------------+----------------------------+-----
Transmutations | 3 4 5 7 8 9 11 | 11.3
Unarmed Combat | 4 7 8 |  8.5
Dodging        | 4 5 |  5.9
Fighting       | 2 4 |  4.5
Spellcasting   | |  2.0

Action                   |  1- 3 |  4- 6 |  7- 9 || total
-------------------------+-------+-------+-------++-------
Melee: Unarmed           |    17 |    56 |   222 ||   295
       Punch             |     3 |       |     6 ||     9
       Headbutt          |     1 |       |       ||     1
       Whip              |    50 |    60 |       ||   110
 Cast: Beastly Appendage |     3 |       |     1 ||     4
       Spider Form       |     2 |     8 |     5 ||    15
       Ice Form          |       |       |    22 ||    22
 Abil: End Transformatio |     1 |       |       ||     1
Evoke: Wand              |       |       |     1 ||     1
  Use: Scroll            |       |       |    11 ||    11
       Potion            |       |       |     1 ||     1
 Stab: Sleeping          |     1 |     3 |     1 ||     5
       Distracted        |       |     1 |       ||     1
Armor: Robe              |    17 |    18 |     3 ||    38
       Skin              |       |     5 |    44 ||    49
Dodge: Dodged            |    51 |    89 |   191 ||   331
